Map: Port Aleksander LE

Players

PhysicsNoob

  • Race: Zerg Zerg
  • League: Diamond
  • Spawn Location: 11:00

Fatalmpulse - Winner!

  • Race: Terran Terran
  • League: Master
  • Spawn Location: 5:00

VOD

Have the link to the VOD?

Description

Time

  • Played on: April 22, 2019, 9:30 p.m.
  • Length: 24:00
Show
View Real Time Build Order
Export as new Build Order

PhysicsNoob Zerg 

Build Orders: Hatch First 

Get SALT Encoding   

  12  0:00  Drone  
  13  0:13  Overlord  
  13  0:18  Drone  
  14  0:31  Drone x2  
  16  0:51  Hatchery  
  16  0:54  Drone  
  16  0:56  Drone  
  17  1:01  Drone  
  18  1:11  Extractor  
  18  1:17  Spawning Pool  
  16  1:20  Drone  
  16  1:23  Drone  
  18  1:28  Drone  
  19  1:39  Drone  
  20  1:49  Overlord  
  20  2:04  Zergling x4  
  20  2:06  Queen x2  
  26  2:11  Drone  
  26  2:15  Metabolic Boost  
  27  2:17  Drone  
  28  2:24  Drone  
  28  2:25  Drone  
  30  2:34  Drone  
  30  2:35  Overlord  
  30  2:44  Queen  
  32  3:02  Hatchery  
  31  3:06  Drone x4  
  31  3:07  Overlord  
  31  3:10  Drone  
  36  3:17  Overlord  
  36  3:24  Queen  
  38  3:32  Drone x5  
  43  3:42  Spore Crawler  
  43  3:43  Drone  
  43  3:44  Drone  
  43  3:47  Spore Crawler  
  43  3:56  Zergling x8  
  43  3:57  Zergling x4  
  43  3:58  Drone  
  43  4:02  Baneling Nest  
  49  4:03  Queen  
  51  4:10  Overlord  
  51  4:11  Overlord  
  51  4:16  Queen  
  53  4:32  Drone x8  
  53  4:35  Overlord  
  53  4:36  Extractor  
  53  4:37  Drone, Extractor  
  60  4:47  Queen  
  62  4:53  Spore Crawler  
  62  4:56  Queen  
  63  5:10  Baneling x3  
  55  5:35  Queen  
  57  5:38  Drone x6  
  57  5:40  Drone, Extractor  
  57  5:41  Drone x3  
  66  5:50  Drone x4  
  66  5:51  Drone x4  
  66  5:55  Lair  
  66  5:56  Overlord  
  74  5:59  Evolution Chamber x2  
  72  6:09  Drone x4  
  72  6:10  Drone x2, Overlord  
  72  6:11  Overlord x2  
  78  6:30  Zergling x10  
  78  6:31  Drone  
  84  6:44  Hatchery  
  82  7:03  Drone x3  
  82  7:04  Drone x2  
  82  7:06  Extractor  
  82  7:07  Extractor  
  85  7:10  Centrifical Hooks, Zerg Melee Weapons Level 1, Zerg Ground Armor Level 1  
  85  7:12  Overlord x3  
  85  7:13  Hydralisk Den  
  85  7:15  Drone x4  
  88  7:17  Drone x2  
  90  7:25  Zergling x2  
  90  7:26  Zergling x10  
  90  7:27  Baneling x3  
  90  7:28  Baneling x5  
  96  7:36  Queen  
  94  7:47  Overlord x2  
  94  7:50  Drone x4  
  94  7:51  Drone x6  
  104  7:58  Queen  
  104  7:59  Drone x3  
  104  8:00  Queen  
  111  8:09  Hatchery, Muscular Augments  
  111  8:11  Zergling x2, Hydralisk x6  
  123  8:16  Hydralisk x3  
  123  8:19  Spore Crawler  
  128  8:21  Drone  
  128  8:22  Drone  
  128  8:24  Spine Crawler  
  129  8:31  Overlord  
  129  8:32  Overlord x2  
  129  8:33  Overlord  
  129  8:34  Overlord  
  128  8:42  Baneling x2  
  128  8:43  Baneling x3  
  128  8:45  Zergling x2  
  128  8:46  Zergling x10  
  128  8:48  Baneling x3  
  134  9:00  Zergling x2  
  134  9:01  Zergling x8  
  134  9:09  Overlord x3  
  115  9:18  Zergling x2  
  115  9:19  Zergling x10  
  115  9:21  Grooved Spines  
  120  9:24  Queen  
  120  9:25  Drone x3  
  120  9:28  Spine Crawler, Baneling x4  
  124  9:32  Zerg Melee Weapons Level 2  
  124  9:33  Zerg Ground Armor Level 2  
  124  9:39  Infestation Pit  
  123  9:47  Zergling x2, Baneling x5  
  123  9:48  Zergling x16  
  123  9:50  Baneling x6  
  123  9:52  Drone x2  
  134  9:58  Spine Crawler, Drone  
  134  10:00  Drone x2  
  134  10:02  Extractor  
  134  10:03  Extractor  
  134  10:16  Hatchery, Hydralisk x4  
  134  10:21  Hive  
  141  10:23  Drone, Spire  
  141  10:24  Drone x3  
  141  10:25  Drone x3  
  147  10:29  Drone x2  
  147  10:30  Zergling x16  
  147  10:34  Baneling  
  147  10:35  Baneling x6, Overlord  
  157  10:41  Baneling x6  
  157  10:42  Overseer  
  157  10:43  Overlord x2  
  157  10:44  Overseer x3  
  157  10:48  Pneumatized Carapace  
  155  11:01  Zergling x2  
  155  11:02  Zergling x34  
  157  11:09  Zergling x6  
  142  11:22  Zergling x6  
  142  11:23  Zergling x2  
  145  11:26  Zergling x8  
  145  11:27  Zergling x2  
  145  11:31  Zergling x2, Baneling x2  
  145  11:32  Zergling x14  
  158  11:33  Queen  
  158  11:39  Drone  
  161  11:47  Baneling x4  
  161  11:59  Hydralisk x4, Baneling x9  
  161  12:00  Hydralisk x2  
  173  12:06  Adrenal Glands  
  173  12:07  Zerg Melee Weapons Level 3, Zerg Ground Armor Level 3  
  169  12:25  Zergling x2  
  169  12:26  Zergling x28  
  169  12:28  Baneling x2  
  169  12:29  Baneling x6  
  184  12:36  Drone x2  
  186  12:37  Zergling x4  
  186  12:38  Zergling x24  
  196  12:57  Zergling x2  
  196  12:58  Zergling x26  
  184  13:02  Zergling x4  
  184  13:03  Zergling x10  
  183  13:07  Hydralisk x7  
  183  13:08  Hydralisk x2  
  183  13:10  Baneling x6  
  183  13:11  Baneling x4  
  188  13:23  Zergling x2  
  188  13:24  Zergling x20  
  188  13:26  Baneling x2  
  188  13:27  Baneling x5  
  198  13:32  Zergling x2  
  198  13:33  Zergling x2  
  200  13:39  Ultralisk Cavern  
  199  13:44  Extractor x2, Spore Crawler  
  199  13:48  Overlord  
  196  13:49  Overlord x2  
  196  13:54  Hatchery  
  195  13:57  Baneling x5  
  186  14:10  Zergling x2  
  186  14:11  Zergling x26  
  199  14:23  Zergling x26  
  199  14:24  Zergling x14  
  189  14:27  Chitinous Plating  
  189  14:30  Greater Spire  
  188  14:34  Baneling x2  
  188  14:35  Baneling x6  
  188  14:41  Overlord x2  
  188  14:44  Zerg Missile Weapons Level 1  
  188  14:54  Baneling x3  
  188  14:55  Baneling x3  
  188  15:05  Zergling x14  
  188  15:06  Zergling x34  
  183  15:17  Zergling x22  
  183  15:19  Zergling x2  
  159  15:30  Zergling x8  
  159  15:31  Zergling x16  
  154  15:41  Zergling x2  
  154  15:42  Zergling x20  
  155  15:45  Anabolic Synthesis  
  155  15:57  Drone x2  
  155  15:58  Drone x2  
  159  16:05  Ultralisk x2  
  159  16:06  Ultralisk  
  168  16:14  Overlord  
  168  16:15  Overlord  
  168  16:16  Overseer x2  
  168  16:17  Overseer x2  
  168  16:18  Overseer  
  166  16:19  Hydralisk  
  166  16:24  Baneling x4  
  166  16:25  Baneling x7  
  167  16:37  Hydralisk  
  167  16:38  Hydralisk x6  
  154  16:51  Zergling x2  
  154  16:52  Zergling x2  
  154  16:53  Zergling x14  
  144  16:58  Extractor  
  144  17:00  Zergling x2  
  144  17:01  Zergling x24  
  144  17:18  Zergling x30  
  158  17:25  Baneling  
  158  17:26  Baneling x13  
  158  17:27  Baneling  
  158  17:28  Extractor  
  157  17:40  Zergling x2  
  157  17:41  Zergling x12  
  145  17:50  Zergling x2  
  129  17:51  Zergling x28  
  129  17:54  Hydralisk  
  142  18:01  Drone x2  
  142  18:04  Drone  
  142  18:05  Drone x2  
  146  18:06  Hatchery  
  140  18:13  Zergling x6  
  140  18:14  Zergling x8  
  142  18:21  Hydralisk  
  142  18:22  Hydralisk x3  
  142  18:25  Zergling x2  
  142  18:26  Zergling x4  
  139  18:46  Zergling x2  
  139  18:47  Zergling x32  
  138  18:57  Queen  
  140  19:06  Zergling x2, Drone x2  
  140  19:07  Zergling x8  
  140  19:09  Baneling  
  147  19:10  Baneling  
  147  19:11  Baneling x7  
  147  19:12  Baneling x6  
  147  19:15  Overseer  
  147  19:17  Overlord  
  147  19:18  Overlord  
  147  19:23  Drone x2  
  147  19:24  Drone x4  
  150  19:28  Drone x3  
  150  19:30  Drone x2  
  150  19:31  Drone  
  159  19:33  Zergling x4  
  159  19:34  Spore Crawler  
  159  19:35  Spine Crawler  
  159  19:37  Spine Crawler x2  
  157  19:41  Zerg Missile Weapons Level 2  
  157  19:44  Zergling x2  
  157  19:45  Zergling x12  
  164  19:46  Baneling x2  
  164  19:47  Baneling x2  
  162  19:58  Zergling x2  
  162  19:59  Ultralisk  
  147  20:04  Zergling x14  
  154  20:08  Ultralisk  
  160  20:14  Spine Crawler, Baneling  
  160  20:15  Spine Crawler, Baneling x4  
  156  20:28  Baneling  
  156  20:29  Baneling x7  
  156  20:30  Baneling x5  
  156  20:31  Ultralisk, Hydralisk  
  162  20:59  Zergling x28  
  162  21:00  Zergling x24  
  186  21:08  Zergling x12  
  186  21:09  Zergling x4  
  177  21:38  Zergling x2  
  177  21:39  Zergling x38  
  177  21:48  Ultralisk  
  177  21:51  Hatchery  
  172  22:04  Baneling  
  172  22:05  Baneling x23  
  167  22:14  Hatchery, Drone x2  
  168  22:16  Drone  
  144  22:42  Zergling x18  
  144  22:43  Zergling x20  
  131  22:53  Hydralisk  
  131  22:54  Hydralisk x3  
  133  23:05  Viper x3  
  139  23:08  Baneling x2  
  139  23:09  Baneling x4  
  139  23:11  Hydralisk  
  144  23:23  Hydralisk x3  
  150  23:27  Overlord  
  150  23:28  Overseer  
  150  23:29  Overseer  
Show
View Real Time Build Order
Export as new Build Order

Fatalmpulse Terran - Winner!

Build Orders: Gas First Reaper Expand, Liberator Opening 

Get SALT Encoding   

  12  0:00  SCV  
  13  0:12  SCV  
  14  0:18  Supply Depot  
  14  0:25  SCV  
  15  0:30  Refinery  
  15  0:39  SCV  
  16  0:45  Barracks  
  16  0:51  SCV  
  17  1:03  SCV  
  18  1:16  SCV  
  19  1:32  Reaper  
  19  1:33  Orbital Command  
  20  1:50  Command Center  
  20  1:59  SCV  
  21  2:06  Factory  
  21  2:11  SCV  
  21  2:12  Barracks Reactor  
  22  2:18  Supply Depot  
  22  2:22  Refinery  
  22  2:24  SCV  
  23  2:39  SCV  
  24  2:51  SCV  
  25  2:59  Hellion x2  
  25  3:01  Starport  
  25  3:04  SCV, Marine  
  31  3:06  Orbital Command  
  31  3:13  Supply Depot  
  31  3:17  SCV  
  32  3:26  Marine  
  33  3:27  Hellion  
  33  3:33  SCV  
  33  3:34  SCV  
  37  3:38  Liberator  
  37  3:46  SCV x2  
  39  3:49  Hellion x2  
  46  3:58  SCV x2  
  48  4:08  Supply Depot  
  48  4:10  SCV x2  
  48  4:14  Hellion x2  
  54  4:30  SCV x2  
  56  4:32  Command Center  
  56  4:35  Hellion x2  
  60  4:42  SCV x2  
  62  4:57  Barracks x2  
  62  5:01  Barracks  
  62  5:10  Supply Depot x2  
  62  5:12  Supply Depot  
  62  5:22  SCV x2  
  62  5:34  Starport Reactor  
  62  5:35  SCV x2  
  63  5:39  Refinery, Factory Reactor  
  63  5:40  Refinery  
  63  5:45  Engineering Bay x2  
  63  5:47  SCV  
  63  5:48  Marine x2  
  66  5:50  Barracks Reactor  
  66  5:51  Barracks Tech Lab  
  66  5:56  Orbital Command  
  66  5:58  SCV  
  66  5:59  SCV  
  66  6:00  Barracks Tech Lab  
  68  6:06  Supply Depot x2, Marine x2  
  70  6:11  Marine  
  70  6:15  Terran Infantry Armor Level 1, Terran Infantry Weapons Level 1  
  71  6:18  Combat Shield, Stimpack  
  71  6:20  Marine  
  71  6:24  Marine x2  
  74  6:27  Orbital Command  
  74  6:31  Marine x3  
  74  6:32  Medivac x2  
  81  6:33  SCV x2  
  81  6:38  Marine  
  84  6:41  Supply Depot  
  84  6:42  Supply Depot  
  84  6:45  SCV, Marine x2  
  84  6:47  Widow Mine x2  
  89  6:49  Marine  
  90  6:57  Marine x2  
  90  6:58  Marine  
  90  7:01  SCV x3  
  96  7:03  Marine x2  
  96  7:07  Marine  
  99  7:13  SCV x2  
  99  7:15  Marine x3  
  101  7:19  SCV  
  101  7:20  Marine  
  101  7:21  Marine  
  107  7:25  SCV x2, Marine  
  110  7:31  SCV  
  110  7:35  Marine x3  
  110  7:36  Widow Mine x2  
  114  7:37  SCV, Medivac  
  114  7:38  Marine x2  
  114  7:42  Marine  
  120  7:44  SCV x2  
  120  7:49  SCV  
  123  7:52  Marine x2  
  123  7:53  Marine  
  123  7:56  SCV x2, Marine x2  
  123  7:58  Widow Mine  
  132  8:00  Marine  
  133  8:09  Armory  
  133  8:24  Supply Depot  
  133  8:26  Supply Depot  
  133  8:27  Supply Depot x2  
  133  8:29  Command Center  
  133  8:30  Concussive Shells  
  133  8:42  Marine x2  
  133  8:46  Widow Mine x2, SCV x2, Marine x2  
  133  8:47  SCV, Marine  
  133  8:48  Marauder  
  145  8:58  SCV x2  
  145  8:59  SCV  
  145  9:00  Marine x2  
  144  9:04  Marine x2  
  144  9:05  Marauder  
  144  9:09  Marauder, Widow Mine  
  152  9:10  SCV  
  152  9:11  SCV  
  128  9:17  Marine x2  
  128  9:21  Marine x2  
  121  9:24  Terran Infantry Weapons Level 2, Terran Infantry Armor Level 2  
  121  9:25  Terran Vehicle And Ship Armor Level 1  
  121  9:26  Widow Mine  
  121  9:27  Marauder, Medivac x2  
  121  9:30  Marauder  
  121  9:31  Widow Mine  
  133  9:35  Marine x2  
  135  9:39  Marine x2  
  135  9:42  Barracks x3  
  135  9:44  Barracks  
  134  9:46  Refinery x2  
  134  9:47  Widow Mine  
  134  9:48  Marauder  
  134  9:52  Marauder, Widow Mine  
  138  9:53  Marine x2  
  138  9:57  Command Center, Marine  
  141  10:03  Marine  
  142  10:09  Widow Mine  
  142  10:10  Marauder  
  142  10:11  Marine x2  
  142  10:13  Marauder  
  142  10:14  Widow Mine  
  152  10:15  Marine  
  152  10:20  Ghost Academy  
  153  10:21  Marine  
  153  10:22  Medivac  
  153  10:25  Medivac  
  158  10:29  Marine x2  
  158  10:31  Marauder  
  158  10:33  Marine  
  158  10:34  Supply Depot x2  
  158  10:35  Marauder  
  165  10:37  Planetary Fortress  
  165  10:39  Marine  
  166  10:52  Marauder  
  166  10:56  Marauder  
  170  11:01  Marine  
  170  11:02  Marine x4  
  160  11:10  Marine x3  
  161  11:14  Marauder, Widow Mine x2  
  161  11:17  Marauder  
  147  11:19  Marine x2  
  147  11:20  Marine x2  
  147  11:23  Medivac x2  
  149  11:32  Barracks Tech Lab  
  149  11:33  Barracks Tech Lab x2  
  149  11:34  Barracks Reactor  
  149  11:35  Marauder  
  149  11:37  Marine x3  
  149  11:38  Marine  
  149  11:39  Marauder  
  156  11:46  Widow Mine x2  
  158  11:55  Marine x4  
  158  11:56  Marauder  
  158  12:00  Marauder  
  165  12:01  Planetary Fortress  
  165  12:07  Widow Mine x2  
  159  12:14  Marine x3  
  159  12:15  Marauder x3, Medivac x2, Marine  
  168  12:17  Refinery x2  
  168  12:18  Marauder  
  168  12:21  Marauder  
  169  12:25  Factory  
  169  12:29  Widow Mine x2  
  171  12:32  Marine  
  171  12:33  Marine  
  171  12:36  Marauder x3  
  179  12:37  Marine x2  
  179  12:39  Marauder  
  179  12:43  Marauder  
  179  12:44  Marine  
  185  12:45  Medivac  
  185  12:50  Widow Mine  
  190  12:58  Marauder x3  
  153  13:01  Marauder  
  153  13:04  Marauder  
  150  13:07  Marine x6  
  150  13:09  Widow Mine  
  158  13:19  Marauder x3  
  152  13:22  Marauder  
  152  13:24  Marine  
  152  13:25  Marine x4  
  152  13:26  Factory Tech Lab, Marauder  
  161  13:27  Widow Mine  
  161  13:28  Marine  
  161  13:30  Widow Mine  
  166  13:36  Terran Infantry Weapons Level 3  
  166  13:40  Marauder x2  
  166  13:41  Marauder  
  172  13:42  Marine  
  172  13:43  Marauder, Terran Infantry Armor Level 3  
  172  13:47  Marauder  
  177  13:49  Widow Mine, Marine x3  
  177  13:51  Widow Mine  
  177  13:52  Drilling Claws, Widow Mine  
  186  14:02  Marauder x2  
  189  14:09  Marine x4  
  196  14:10  Marauder x3, Marine  
  160  14:30  Marine x4  
  160  14:31  Marauder x4, Medivac x2  
  170  14:32  Marine  
  170  14:33  Marauder, Marine  
  180  14:38  Widow Mine  
  180  14:39  Widow Mine  
  180  14:41  Widow Mine  
  180  14:42  SCV  
  180  14:44  SCV x2  
  187  14:46  SCV  
  187  14:47  SCV  
  187  14:48  Marine x3  
  187  14:52  Marauder  
  194  15:01  Medivac  
  194  15:06  Marauder, Marine x4  
  194  15:07  Marauder x3, Marine  
  185  15:13  Widow Mine x3  
  170  15:24  Marine  
  170  15:25  Marauder, Marine  
  170  15:28  Marauder  
  144  15:29  Marine  
  144  15:30  Marauder x2, Marine  
  144  15:32  Marine x3  
  139  15:42  Marine x2  
  138  15:46  Marine  
  138  15:47  Marine x2  
  138  15:49  Marauder  
  147  15:50  Widow Mine x2, Marine x3  
  147  15:51  Marine x2  
  152  16:00  Marine x2  
  152  16:04  Marine  
  154  16:05  Marine x2  
  154  16:07  SCV x4  
  154  16:08  Marine x2  
  154  16:09  Marauder x2, Marine  
  154  16:10  Marine  
  169  16:18  Marine x2  
  170  16:22  Marine  
  170  16:23  Marine x2  
  174  16:26  Marine x2  
  174  16:27  Marauder  
  174  16:28  Marauder  
  174  16:30  Marauder, Marine  
  183  16:36  Marine x2  
  178  16:40  Marauder  
  178  16:41  Marine x2  
  178  16:43  Marine  
  178  16:44  Marine  
  182  16:48  Marine x2  
  182  16:49  Marine  
  182  16:51  Marine  
  182  16:53  Widow Mine x3, Marine  
  182  16:54  Marine  
  177  16:59  Reaper, Marine  
  182  17:01  Marauder, Marine x2  
  182  17:06  Marauder x2  
  182  17:07  Marine  
  189  17:09  Marauder  
  189  17:11  Marine x2  
  189  17:14  Widow Mine  
  189  17:15  Widow Mine x2  
  182  17:16  Marine  
  182  17:19  Marine  
  181  17:23  Marauder  
  181  17:25  Marauder  
  181  17:28  Marauder, Marine  
  181  17:29  Marauder, Marine  
  189  17:31  Marauder, Marine  
  189  17:35  Command Center  
  189  17:36  Widow Mine x3  
  188  17:44  Marauder  
  156  17:56  Marauder x2, Marine x6  
  156  17:57  Marauder, Widow Mine x2, Marine  
  156  17:58  Widow Mine, Medivac x2  
  164  18:05  Marauder  
  146  18:13  Marine  
  146  18:15  Marauder  
  146  18:18  Marauder x2, Marine  
  146  18:19  Widow Mine  
  145  18:24  Marauder, Marine x2  
  132  18:27  Marauder  
  132  18:28  Medivac x2  
  120  18:39  Marine  
  120  18:40  Marauder x2, Marine  
  115  18:53  Marine x3  
  115  18:54  Marauder x2, Marine x2  
  119  18:57  Marine x2  
  119  18:58  Medivac  
  119  19:00  Planetary Fortress  
  119  19:01  Marine x2  
  125  19:09  Widow Mine x2  
  129  19:11  Widow Mine, Marine x3  
  129  19:12  Marine x2  
  129  19:15  Marauder, Marine x3  
  141  19:18  Medivac  
  141  19:19  Marauder x2  
  147  19:28  Refinery, Medivac  
  147  19:29  Marine x4  
  147  19:30  Refinery, Marauder  
  155  19:33  Marauder  
  157  19:44  Marine x2  
  157  19:45  Marauder x2  
  163  19:48  Medivac  
  163  19:52  Marine x2  
  165  19:53  Marauder x2, Marine x2  
  165  19:55  Marauder  
  162  20:02  Widow Mine x2  
  162  20:03  Widow Mine, Marine x2  
  162  20:06  Marauder, Marine  
  173  20:10  Marine x2  
  173  20:11  Marine x2  
  177  20:14  Marauder  
  177  20:15  Marauder  
  177  20:17  Marine  
  181  20:21  Marine  
  181  20:24  Widow Mine x3  
  186  20:30  Supply Depot  
  186  20:33  Supply Depot  
  186  20:34  Supply Depot  
  186  20:36  Supply Depot  
  186  20:52  Marine x2  
  186  20:53  Marauder x3, Widow Mine  
  186  20:54  Marine x2  
  186  20:55  Marauder x2, Widow Mine, Marine  
  186  20:56  Widow Mine  
  197  20:57  Marine  
  197  20:58  Medivac  
  200  21:10  Marine x2  
  186  21:12  Marine x2  
  186  21:13  Marine  
  186  21:14  Marauder x3  
  186  21:15  Marine  
  186  21:16  Widow Mine x2  
  200  21:28  Marine  
  200  21:31  Marauder, Marine x4  
  200  21:32  Marauder, Medivac x2  
  192  21:33  Marine  
  192  21:36  Marauder x3  
  197  21:46  Marine  
  176  21:49  Marine x3  
  176  21:53  Marauder x2  
  173  21:57  Marauder x3  
  160  22:02  Medivac x2  
  160  22:04  Marine x3  
  160  22:07  Marine x3  
  170  22:14  Marauder x2  
  174  22:19  Marauder x3  
  174  22:22  Marine x3  
  183  22:24  Marine  
  183  22:32  Medivac  
  183  22:36  Marauder x2  
  151  22:39  Marine x3  
  151  22:40  Marauder x3, Marine x2  
  151  22:42  Marine  
  151  22:43  Widow Mine  
  154  22:45  Widow Mine  
  152  22:56  Marine  
  152  22:57  Marauder x2, Marine  
  154  23:00  Marine  
  154  23:01  Marauder x3, Marine  
  154  23:02  Widow Mine  
  164  23:05  Command Center  
  164  23:18  Marauder  
  164  23:19  Marauder  
  168  23:21  Marine  
  168  23:22  Marine x2  
  168  23:23  Marauder x3, Widow Mine x2  
  168  23:24  Widow Mine, Marine  
  184  23:35  Marine x2  
Tags
 
Add a new tag
Caveats
  • Supply blocks, unpowered buildings, or Contaminate may cause inaccurate times.
  • Supply counts are checked every 10 seconds.